 Dungeon Sprint DCSS version 0.24.0-37-gcf1ca852f1 (webtiles) character file.

Game seed: 7270795344198287033, levelgen mode: deterministic

105 Groucho the Covert (level 4, -1/21 HPs)
             Began as a Spriggan Enchanter on Nov 24, 2019.
             Slain by an ufetubus (2 damage)
             ... summoned by a neqoxec
             ... in the Dungeon (Sprint II: "The Violet Keep of Menkaure").
             The game lasted 00:01:59 (872 turns).

Groucho the Covert (Spriggan Enchanter)              Turns: 872, Time: 00:02:00

Health: -1/21      AC:  2    Str:  2    XL:     4   Next: 53%
Magic:  11/11      EV: 18    Int: 14    God:
Gold:   486        SH:  0    Dex: 15    Spells: 12/15 levels left

rFire    + . .     SeeInvis +   a - +1 dagger
rCold    . . .     Gourm    .   (shield restricted)
rNeg     . . .     Faith    .   b - +0 robe
rPois    .         Spirit   .   (helmet restricted)
rElec    .         Reflect  .   (no cloak)
rCorr    .         Harm     .   (gloves unavailable)
MR       .....     NoTele   +   (boots unavailable)
Stlth    +++++.....             (no amulet)
HPRegen  0.07/turn              (no ring)
MPRegen  0.12/turn              (no ring)

@: very slightly contaminated, very quick
A: very small, unfitting armour, see invisible, clumsy 1, dopey 1, fire
resistance 1, herbivore, speed 3, low mp 1, screaming 1, slow metabolism 2, weak
1
a: no special abilities


You were in the Dungeon.
You were not hungry.

You visited 1 branch You collected 486 gold pieces.

Inventory:

Hand Weapons
 a - a +1 dagger (weapon)
Armour
 b - a +0 robe (worn)
Potions
 e - a potion of curing
 f - a potion of heal wounds
 g - a potion of haste
 h - 2 potions of magic
Comestibles
 d - a ration


   Skills:
 - Level 1.1 Short Blades
 - Level 3.0 Dodging
 * Level 10.8 Stealth
 + Level 6.0 Spellcasting
 + Level 6.5 Hexes


You had 12 spell levels left.
You knew the following spells:

 Your Spells              Type           Power        Failure   Level  Hunger
a - Corona                Hex            ###....      1%          1    None
b - Ensorcelled Hibernat  Hex/Ice        ##....       6%          2    #......

Your spell library contained the following spells:

 Spells                   Type           Power        Failure   Level  Hunger
 Confuse                  Hex            ###.....     3%          3    ###....
 Tukima's Dance           Hex            ###.....     3%          3    ###....
 Dazzling Spray           Conj/Hex       ##....       12%         3    ###....


Dungeon Overview and Level Annotations

Branches:
Dungeon (1/1)

Altars:


Innate Abilities, Weirdness & Mutations

You are very small and have problems with some larger weapons.
You are too small for most types of armour.
You have supernaturally acute eyesight. (SInv)
You are a herbivore.
You cover ground extremely quickly.
You need to consume almost no food.
You are clumsy. (Dex -2)
You are dopey. (Int -2)
Your flesh is heat resistant. (rF+)
Your magical capacity is low. (-10% MP)
You occasionally shout uncontrollably at your foes.
You are weak. (Str -2)


Message History

You feel weaker. The neqoxec gestures at you.
Strange energies course through your body.
You feel the urge to shout.
You hit the neqoxec.
The neqoxec is lightly wounded.
The neqoxec gestures.
The neqoxec hits you.
You closely miss the neqoxec.
The neqoxec is lightly wounded.
The neqoxec misses you. The ufetubus closely misses you.
The ufetubus barely misses you. The neqoxec hits you!
Ouch! That really hurt!
* * * LOW HITPOINT WARNING * * *
The crimson imp blinks!
Unknown command.
You barely miss the neqoxec.
The neqoxec is lightly wounded.
The ufetubus hits you.
You die...

## ## ##.
.## .w w. #
$#. ### #.
#+###5##
#3.##.##3@3#
#$'.<55##5+
#.##.##3###
#5 ##'###.#
# ##.#.####
#..#..#
###.### #+#


You could see 2 neqoxecs, an iron imp, a crimson imp, a white imp and an
ufetubus.

Vanquished Creatures
  4 worker ants (D)
  3 worms (D)
7 creatures vanquished.

Vanquished Creatures (others)
  Menkaure (D)
  A crocodile (D)
2 creatures vanquished.

Grand Total: 9 creatures vanquished

Notes
Turn   | Place    | Note
-------+----------+-------------------------------------------
     0 | D        | Groucho the Spriggan Enchanter began the quest for the Orb.
     0 | D        | Reached XP level 1. HP: 9/9 MP: 5/5
     1 | D        | Noticed a tyrant leech
     1 | D        | Noticed a tyrant leech
    11 | D        | Reached skill level 5 in Stealth
    13 | D        | Reached skill level 6 in Stealth
    16 | D        | Reached XP level 2. HP: 5/13 MP: 5/7
    26 | D        | Learned a level 2 spell: Ensorcelled Hibernation
    27 | D        | Killed Menkaure
   445 | D        | Killed a crocodile
   464 | D        | Reached skill level 8 in Stealth
   464 | D        | Reached skill level 5 in Hexes
   464 | D        | Reached XP level 3. HP: 16/16 MP: 8/10
   465 | D        | Reached skill level 9 in Stealth
   465 | D        | Reached skill level 5 in Spellcasting
   468 | D        | Reached skill level 10 in Stealth
   468 | D        | Reached XP level 4. HP: 21/21 MP: 8/12
   850 | D        | Noticed a neqoxec
   850 | D        | Noticed a neqoxec
   850 | D        | Noticed a neqoxec
   850 | D        | Noticed a neqoxec
   858 | D        | Gained mutation: Your flesh is heat resistant. (rF+) [a
                  | neqoxec]
   859 | D        | Gained mutation: You are frail. (-10% HP) [a neqoxec]
   863 | D        | Gained mutation: You are clumsy. (Dex -2) [a neqoxec]
   864 | D        | Lost mutation: You are frail. (-10% HP) [a neqoxec]
   864 | D        | Gained mutation: You are dopey. (Int -2) [a neqoxec]
   867 | D        | Gained mutation: Your magical capacity is low. (-10% MP) [a
                  | neqoxec]
   869 | D        | Gained mutation: You are weak. (Str -2) [a neqoxec]
   869 | D        | Gained mutation: You occasionally shout uncontrollably at
                  | your foes. [a neqoxec]
   871 | D        | HP: 1/21 [neqoxec (11)]
   872 | D        | Slain by an ufetubus

Levels and vault maps discovered:
D:        the_violet_keep_of_menkaure [sprint2_stairs_cluster_1,
          sprint2_shoproom, sprint2_temple, sprint2_basic_supplies,
          sprint2_obstacle_3, sprint2_obstacle_5, sprint2_obstacle_6,
          sprint2_obstacle_1, sprint2_obstacle_4, sprint2_timed_cluster_1,
          sprint2_smallroom_cluster_1, sprint2_smallroom_final_cluster_1,
          sprint2_transparent_cluster_1, sprint2_second_timed_cluster_1,
          sprint2_sniper_area_1, sprint2_heavy_combat_area_1,
          sprint2_mutation_trap_area_1, sprint2_forest_area_1,
          sprint2_light_combat_area_1, sprint2_behind_water_1,
          sprint2_near_end_vault_1]

Skill      XL: |  1  2  3  4 |
---------------+-------------+-----
Stealth        | 6 8 10 | 10.8
Spellcasting   | 3 4 5 6 |  6.0
Hexes          | 4 5 6 |  6.5
Short Blades   | |  1.1
Dodging        | |  3.0

Action                   |  1- 3 |  4- 6 || total
-------------------------+-------+-------++-------
Melee: Dagger            |    11 |     8 ||    19
  Use: Potion            |     1 |       ||     1
       Scroll            |       |     1 ||     1
 Stab: Sleeping          |     3 |     1 ||     4
Dodge: Dodged            |     1 |     4 ||     5
